PL
BOSTON PATRIOTS @ CHICAGO SILVER SOX
09/25/2041
 
TOP OF THE 1ST
Boston Patriots batting - Pitching for Chicago Silver Sox : RHP Jay Mahabir
Pitching: RHP Jay Mahabir
Batting: RHB Mike Case 0-0: Called Strike
0-1: Reached on error, E6 (Groundball, 6, EV 105.0 MPH)
Batting: SHB Eisse van Opdorp 0-0: Fly out, F9 (Line Drive, 9, EV 91.9 MPH)
Batting: LHB Juan Andrés Martí 0-0: Foul Ball, location: 2F
0-1: Foul Ball, location: 2F
0-2: Ball
1-2: Ball
2-2: Fielders Choice at 2nd, 4-6 (Groundball, 4, EV 83.1 MPH)
Batting: LHB Juan Macíel 0-0: Called Strike
Juan Andrés Martí steals 2nd base
0-1: SINGLE (Groundball, 3S, EV 91.9 MPH) (infield hit)
Juan Andrés Martí to third
Batting: RHB Masafumi Kawaguchi 0-0: Ball
1-0: Ball
2-0: Fly out, F7 (Flyball, 7D, EV 90.6 MPH)
Top of the 1st over - 0 runs, 1 hit, 1 error, 2 left on base; Boston 0 - Chicago 0
BOTTOM OF THE 1ST
Chicago Silver Sox batting - Pitching for Boston Patriots : RHP Aldo Ottens
Pitching: RHP Aldo Ottens
Batting: RHB Dejmi Dumervil 0-0: Foul Ball, location: 2F
0-1: Ball
1-1: Foul Ball, location: 2F
1-2: SINGLE (Groundball, 4D, EV 97.5 MPH)
Batting: LHB Jack McCusker 0-0: Fly out, F7 (Flyball, 7S, EV 92.5 MPH)
Batting: SHB Shun Komatsu 0-0: Ball
1-0: Ball
Wild Pitch!
Dejmi Dumervil to second
2-0: Called Strike
2-1: Ball
3-1: Swinging Strike
3-2: 2-RUN HOME RUN (Flyball, 78XD, EV 106.2 MPH), Distance : 395 ft
Batting: RHB Jesús Vargas 0-0: Ball
1-0: Foul Ball, location: 3F, Error on foul ball, E3
1-1: Foul Ball, location: 2F
1-2: Ball
2-2: Foul Ball, location: 2F
2-2: Ground out U3 (Groundball, 3, EV 76.2 MPH)
Batting: RHB Amon-Ra St. Brown 0-0: Ball
1-0: Ball
2-0: Called Strike
2-1: Ball
3-1: Swinging Strike
3-2: Base on Balls
Batting: LHB Dave Watts 0-0: Ball
1-0: Called Strike
1-1: Foul Ball, location: 2F
1-2: Foul Ball, location: 2F
1-2: SINGLE (Line Drive, 7S, EV 88.1 MPH)
Amon-Ra St. Brown to second
Batting: RHB Víctor Cuevas 0-0: Ball
1-0: Ball
2-0: SINGLE (Groundball, 56D, EV 102.5 MPH)
Amon-Ra St. Brown to third
Dave Watts to second
Runner from 3rd tries for Home, SAFE, no throw by LF
Batting: RHB Estanislao Hirigoyen 0-0: Fly out, F8 (Flyball, 78D, EV 97.5 MPH)
Bottom of the 1st over - 3 runs, 4 hits, 1 error, 2 left on base; Boston 0 - Chicago 3
TOP OF THE 2ND
Boston Patriots batting - Pitching for Chicago Silver Sox : RHP Jay Mahabir
Pitching: LHP Tony Torres
Batting: RHB Jon Osterman 0-0: Called Strike
0-1: Ball
1-1: Ball
2-1: SOLO HOME RUN (Flyball, 7LD, EV 95.0 MPH), Distance : 349 ft
Batting: RHB Brevyn Spann-Ford 0-0: Ball
1-0: Ball
2-0: Ball
3-0: Base on Balls
Batting: SHB Jae-woo Ohm 0-0: Ball
1-0: Foul Ball, location: 2F
1-1: Ball
2-1: Fly out, F8 (Flyball, 8RS, EV 78.1 MPH)
Batting: RHB Giobbe Bastedo 0-0: Foul Ball, location: 2F
0-1: Hit by Pitch
Brevyn Spann-Ford to second
Batting: RHB Mike Case 0-0: Foul Ball, location: 2F
0-1: Swinging Strike
0-2: Ball
1-2: Ball
2-2: Ground out 5-3 (Groundball, 56S, EV 69.4 MPH)
Brevyn Spann-Ford to third
Giobbe Bastedo to second
Batting: SHB Eisse van Opdorp 0-0: Called Strike
0-1: Ball
1-1: Foul Ball, location: 2F
1-2: Foul Ball, location: 2F
1-2: Fly out, F3 (Popup, 3F, EV 66.9 MPH)
Top of the 2nd over - 1 run, 1 hit, 0 errors, 2 left on base; Boston 1 - Chicago 3
BOTTOM OF THE 2ND
Chicago Silver Sox batting - Pitching for Boston Patriots : RHP Aldo Ottens
Batting: RHB Sergio Aguero 0-0: Swinging Strike
0-1: Swinging Strike
0-2: Strikes out looking
Batting: RHB Dejmi Dumervil 0-0: Ball
1-0: Called Strike
1-1: Called Strike
1-2: Ground out 6-3 (Groundball, 6M, EV 85.6 MPH)
Batting: LHB Jack McCusker 0-0: Foul Ball, location: 2F
0-1: Ball
1-1: Ground out U3 (Groundball, 34S, EV 84.4 MPH)
Bottom of the 2nd over - 0 runs, 0 hits, 0 errors, 0 left on base; Boston 1 - Chicago 3
TOP OF THE 3RD
Boston Patriots batting - Pitching for Chicago Silver Sox : LHP Tony Torres
Batting: LHB Juan Andrés Martí 0-0: Foul Ball, location: 2F
0-1: Swinging Strike
0-2: Ball
1-2: Ball
2-2: Ball
3-2: Foul Ball, location: 2F
3-2: Foul Ball, location: 2F
3-2: Base on Balls
Batting: LHB Juan Macíel 0-0: Ball
Juan Andrés Martí steals 2nd base
1-0: Called Strike
Juan Andrés Martí is caught stealing 3rd base 2-5
1-1: Fly out, F7 (Flyball, 7D, EV 91.9 MPH)
Batting: RHB Masafumi Kawaguchi 0-0: Ball
1-0: Fly out, F3 (Line Drive, 3, EV 65.0 MPH)
Top of the 3rd over - 0 runs, 0 hits, 0 errors, 0 left on base; Boston 1 - Chicago 3
BOTTOM OF THE 3RD
Chicago Silver Sox batting - Pitching for Boston Patriots : RHP Aldo Ottens
Batting: SHB Shun Komatsu 0-0: Ball
1-0: Called Strike
1-1: Foul Ball, location: 2F
1-2: Ground out 5-3 (Groundball, 5, EV 110.0 MPH)
Batting: RHB Jesús Vargas 0-0: Ball
1-0: Ball
2-0: Ball
3-0: SINGLE (Groundball, 25, EV 66.9 MPH) (infield hit)
Batting: RHB Amon-Ra St. Brown 0-0: Called Strike
0-1: Ball
1-1: Foul Ball, location: 2F
1-2: SINGLE (Line Drive, 89M, EV 106.9 MPH)
Jesús Vargas to second
Batting: LHB Dave Watts 0-0: Ball
1-0: Ball
2-0: Called Strike
2-1: Swinging Strike
2-2: Ball
3-2: Strikes out swinging
Batting: RHB Víctor Cuevas 0-0: Called Strike
0-1: Ball
1-1: Ground out 5-3 (Groundball, 56S, EV 76.9 MPH)
Bottom of the 3rd over - 0 runs, 2 hits, 0 errors, 2 left on base; Boston 1 - Chicago 3
TOP OF THE 4TH
Boston Patriots batting - Pitching for Chicago Silver Sox : LHP Tony Torres
Batting: RHB Jon Osterman 0-0: Ball
1-0: TRIPLE (Flyball, 78XD, EV 104.4 MPH)
Batting: RHB Brevyn Spann-Ford 0-0: Called Strike
0-1: SINGLE (Groundball, 6MD, EV 100.0 MPH)
Jon Osterman scores
Batting: SHB Jae-woo Ohm 0-0: Called Strike
0-1: Called Strike
0-2: Ball
1-2: Foul Ball, location: 2F
1-2: Strikes out swinging
Batting: RHB Giobbe Bastedo Pickoff Throw to First - Out! 1-3
0-0: Fly out, F9 (Flyball, 9LM, EV 87.5 MPH)
Top of the 4th over - 1 run, 2 hits, 0 errors, 0 left on base; Boston 2 - Chicago 3
BOTTOM OF THE 4TH
Chicago Silver Sox batting - Pitching for Boston Patriots : RHP Aldo Ottens
Batting: RHB Estanislao Hirigoyen 0-0: Ball
1-0: Foul Ball, location: 2F
1-1: Ground out 6-3 (Groundball, 6, EV 111.2 MPH)
Batting: RHB Sergio Aguero 0-0: Ball
1-0: Called Strike
1-1: Fly out, F8 (Flyball, 8RM, EV 90.0 MPH)
Batting: RHB Dejmi Dumervil 0-0: Called Strike
0-1: DOUBLE (Flyball, 89D, EV 98.8 MPH)
Batting: LHB Jack McCusker 0-0: Called Strike
0-1: Ball
1-1: Swinging Strike
1-2: Foul Ball, location: 2F
1-2: Foul Ball, location: 2F
1-2: Ball
2-2: Fly out, F8 (Line Drive, 8RD, EV 91.2 MPH)
Bottom of the 4th over - 0 runs, 1 hit, 0 errors, 1 left on base; Boston 2 - Chicago 3
TOP OF THE 5TH
Boston Patriots batting - Pitching for Chicago Silver Sox : LHP Tony Torres
Batting: RHB Mike Case 0-0: Ball
1-0: Called Strike
1-1: Ball
2-1: Swinging Strike
2-2: Ball
3-2: Foul Ball, location: 2F
3-2: Foul Ball, location: 2F
3-2: Base on Balls
Pitching: RHP Shiki Yamamoto
Batting: SHB Eisse van Opdorp 0-0: Ball
1-0: Called Strike
1-1: Fielders Choice at 2nd, 4-6 (Groundball, 4, EV 86.9 MPH)
Batting: LHB Juan Andrés Martí 0-0: Called Strike
0-1: Ball
1-1: Ball
2-1: Foul Ball, location: 2F
2-2: Ball
3-2: Base on Balls
Eisse van Opdorp to second
Batting: LHB Juan Macíel 0-0: Ball
1-0: Ball
2-0: Called Strike
2-1: Grounds into double play, 6-4-3 (Groundball, 6, EV 80.6 MPH)
Top of the 5th over - 0 runs, 0 hits, 0 errors, 1 left on base; Boston 2 - Chicago 3
BOTTOM OF THE 5TH
Chicago Silver Sox batting - Pitching for Boston Patriots : RHP Aldo Ottens
Batting: SHB Shun Komatsu 0-0: Ball
1-0: Foul Ball, location: 2F
1-1: Called Strike
1-2: Ball
2-2: Foul Ball, location: 2F
2-2: Ball
3-2: Foul Ball, location: 2F
3-2: Foul Ball, location: 2F
3-2: DOUBLE (Flyball, 7LM, EV 101.2 MPH)
Batting: RHB Jesús Vargas 0-0: Called Strike
0-1: Ball
1-1: TRIPLE (Line Drive, 8RXD, EV 105.6 MPH)
Shun Komatsu scores
Batting: RHB Amon-Ra St. Brown 0-0: Ball
1-0: Called Strike
1-1: SINGLE (Line Drive, 3D, EV 106.2 MPH)
Jesús Vargas scores
Pitching: LHP Leo Ingelbrigtsen
Batting: LHB Dave Watts 0-0: Sac Bunt to 3S - play at first, batter OUT! 3-1
Amon-Ra St. Brown to second
Batting: RHB Víctor Cuevas 0-0: Ball
1-0: Ball
2-0: Ball
3-0: Called Strike
3-1: Foul Ball, location: 2F
3-2: Foul Ball, location: 2F
3-2: Ground out 6-3 (Groundball, 6, EV 89.4 MPH)
Amon-Ra St. Brown to third
Batting: RHB Estanislao Hirigoyen 0-0: Called Strike
0-1: Called Strike
0-2: Foul Ball, location: 2F
0-2: Ball
1-2: SINGLE (Groundball, 6, EV 100.0 MPH) (infield hit)
Amon-Ra St. Brown scores
Batting: RHB Sergio Aguero 0-0: Called Strike
0-1: Ball
1-1: Ball
Wild Pitch!
Estanislao Hirigoyen to second
2-1: Ground out U3 (Groundball, 34, EV 86.9 MPH)
Bottom of the 5th over - 3 runs, 4 hits, 0 errors, 1 left on base; Boston 2 - Chicago 6
TOP OF THE 6TH
Boston Patriots batting - Pitching for Chicago Silver Sox : RHP Shiki Yamamoto
Batting: RHB Masafumi Kawaguchi 0-0: Ball
1-0: Ball
2-0: Ball
3-0: Called Strike
3-1: Base on Balls
Batting: RHB Jon Osterman 0-0: Swinging Strike
0-1: Foul Ball, location: 2F
0-2: Foul Ball, location: 2F
0-2: Ball
1-2: Ball
2-2: Ball
3-2: Foul Ball, location: 2F
3-2: Foul Ball, location: 2F
3-2: Foul Ball, location: 2F
3-2: Foul Ball, location: 2F
3-2: Foul Ball, location: 2F
3-2: Foul Ball, location: 2F
3-2: Fielders Choice at 2nd, 4-6 (Groundball, 4, EV 80.0 MPH)
Pitching: LHP Ismael Riddles
Batting: RHB Brevyn Spann-Ford 0-0: Ball
1-0: Called Strike
1-1: Foul Ball, location: 2F
1-2: Strikes out looking
Batting: SHB Jae-woo Ohm 0-0: Swinging Strike
0-1: Ball
1-1: Ball
2-1: Fielders Choice at 2nd, 5-4 (Groundball, 56, EV 100.0 MPH)
Top of the 6th over - 0 runs, 0 hits, 0 errors, 1 left on base; Boston 2 - Chicago 6
BOTTOM OF THE 6TH
Chicago Silver Sox batting - Pitching for Boston Patriots : LHP Leo Ingelbrigtsen
Batting: RHB Dejmi Dumervil 0-0: DOUBLE (Line Drive, 78XD, EV 108.1 MPH)
Batting: LHB Jack McCusker 0-0: Bunted foul
0-1: Bunted foul
0-2: Ball
1-2: Ball
2-2: Ground out 1-3 (Groundball, P, EV 65.0 MPH)
Dejmi Dumervil to third
Batting: SHB Shun Komatsu 0-0: Ball
1-0: Called Strike
1-1: Foul Ball, location: 2F
1-2: Strikes out swinging
Batting: RHB Jesús Vargas 0-0: Ball
1-0: SINGLE (Groundball, 34D, EV 100.0 MPH)
Dejmi Dumervil scores
Batting: RHB Amon-Ra St. Brown 0-0: Ball
1-0: Ball
2-0: DOUBLE (Line Drive, 89M, EV 113.1 MPH)
Jesús Vargas to third
Pitching: RHP Ramón Ramírez
Batting: LHB Dave Watts 0-0: Called Strike
0-1: Ball
1-1: Ball
2-1: Foul Ball, location: 2F
2-2: Ball
3-2: Foul Ball, location: 2F
3-2: Foul Ball, location: 2F
3-2: Foul Ball, location: 2F
3-2: Fly out, F7 (Line Drive, 7, EV 91.2 MPH)
Bottom of the 6th over - 1 run, 3 hits, 0 errors, 2 left on base; Boston 2 - Chicago 7
TOP OF THE 7TH
Boston Patriots batting - Pitching for Chicago Silver Sox : LHP Ismael Riddles
Batting: RHB Giobbe Bastedo 0-0: Ball
1-0: Called Strike
1-1: Ball
2-1: Swinging Strike
2-2: Ground out 5-3 (Groundball, 5L, EV 85.6 MPH)
Batting: RHB Mike Case 0-0: Called Strike
0-1: Ball
1-1: Ball
2-1: Ball
3-1: Fly out, F9 (Line Drive, 89S, EV 91.2 MPH)
Batting: SHB Eisse van Opdorp 0-0: Ball
1-0: Ball
2-0: Ball
3-0: Called Strike
3-1: Base on Balls
Batting: LHB Juan Andrés Martí 0-0: Ball
1-0: Called Strike
1-1: Ground out U3 (Groundball, 34S, EV 65.6 MPH)
Top of the 7th over - 0 runs, 0 hits, 0 errors, 1 left on base; Boston 2 - Chicago 7
BOTTOM OF THE 7TH
Chicago Silver Sox batting - Pitching for Boston Patriots : RHP Ramón Ramírez
Batting: RHB Víctor Cuevas 0-0: Called Strike
0-1: Swinging Strike
0-2: Foul Ball, location: 2F
0-2: Fly out, F9 (Line Drive, 9, EV 104.4 MPH)
Batting: RHB Estanislao Hirigoyen 0-0: Swinging Strike
0-1: Called Strike
0-2: Ground out 5-3 (Groundball, 56, EV 82.5 MPH)
Batting: RHB Sergio Aguero 0-0: Ball
1-0: Called Strike
1-1: Called Strike
1-2: Strikes out swinging
Bottom of the 7th over - 0 runs, 0 hits, 0 errors, 0 left on base; Boston 2 - Chicago 7
TOP OF THE 8TH
Boston Patriots batting - Pitching for Chicago Silver Sox : LHP Ismael Riddles
Batting: LHB Juan Macíel 0-0: Ball
1-0: Ball
2-0: Ball
3-0: Base on Balls
Pitching: RHP Tate Beason
Batting: RHB Masafumi Kawaguchi 0-0: Called Strike
0-1: Foul Ball, location: 2F
0-2: Ball
1-2: Ball
2-2: Foul Ball, location: 2F
2-2: Foul Ball, location: 2F
2-2: Ball
3-2: Base on Balls
Juan Macíel to second
Batting: RHB Jon Osterman 0-0: Called Strike
0-1: Swinging Strike
0-2: Ball
1-2: Ball
2-2: Foul Ball, location: 2F
2-2: Ball
3-2: Strikes out swinging
Batting: RHB Brevyn Spann-Ford 0-0: Fielders Choice at 2nd, 2-4 (Groundball, 15S, EV 63.8 MPH)
Juan Macíel to third
Batting: SHB Jae-woo Ohm 0-0: Called Strike
0-1: Foul Ball, location: 2F
0-2: Fly out, F2 (Popup, 15S, EV 86.9 MPH)
Top of the 8th over - 0 runs, 0 hits, 0 errors, 2 left on base; Boston 2 - Chicago 7
BOTTOM OF THE 8TH
Chicago Silver Sox batting - Pitching for Boston Patriots : RHP Ramón Ramírez
Batting: RHB Dejmi Dumervil 0-0: Foul Ball, location: 2F
0-1: Ball
1-1: DOUBLE (Flyball, 8RXD, EV 104.4 MPH)
Batting: LHB Jack McCusker 0-0: Foul Ball, location: 2F
0-1: Foul Ball, location: 2F
0-2: Fly out, F8 (Flyball, 8LM, EV 86.9 MPH)
Batting: SHB Shun Komatsu 0-0: Ball
1-0: Ball
2-0: Called Strike
2-1: Ball
3-1: Called Strike
3-2: DOUBLE (Groundball, 5L, EV 108.1 MPH)
Dejmi Dumervil scores
Pitching: LHP Bradley Roth
Batting: RHB Jesús Vargas 0-0: Ball
1-0: SINGLE (Groundball, 6S, EV 66.9 MPH) (infield hit)
Shun Komatsu to third
Pinch Runner at 1st Ray Carey:
Batting: RHB Amon-Ra St. Brown 0-0: Called Strike
0-1: Ball
1-1: Foul Ball, location: 2F
1-2: Reached on error, E1 (Groundball, 15S, EV 63.8 MPH)
Shun Komatsu scores
Ray Carey to second
Batting: LHB Dave Watts 0-0: Ball
1-0: Foul Ball, location: 2F
1-1: Ball
2-1: Fielders Choice at 2nd, 3-6 (Groundball, 34, EV 85.6 MPH)
Ray Carey to third
Batting: RHB Víctor Cuevas 0-0: Ball
1-0: Called Strike
1-1: Ball
2-1: Swinging Strike
2-2: Fly out, F8 (Line Drive, 8RM, EV 90.0 MPH)
Bottom of the 8th over - 2 runs, 3 hits, 1 error, 2 left on base; Boston 2 - Chicago 9
TOP OF THE 9TH
Boston Patriots batting - Pitching for Chicago Silver Sox : RHP Tate Beason
Now in RF: Ray Carey
Batting: RHB Giobbe Bastedo 0-0: Called Strike
0-1: Called Strike
0-2: Strikes out swinging
Batting: RHB Mike Case 0-0: Foul Ball, location: 2F
0-1: Ball
1-1: Called Strike
1-2: Ball
2-2: Ground out 6-3 (Groundball, 6, EV 88.8 MPH)
Batting: SHB Eisse van Opdorp 0-0: Called Strike
0-1: Swinging Strike
0-2: Ball
1-2: Ball
2-2: Ball
3-2: Base on Balls
Batting: LHB Juan Andrés Martí 0-0: Swinging Strike
0-1: Swinging Strike
0-2: Ball
1-2: Ball
2-2: Strikes out looking
Top of the 9th over - 0 runs, 0 hits, 0 errors, 1 left on base; Boston 2 - Chicago 9
Tuesday, January 5th, 2021 - OOTP Baseball 20.8 Build 74